Map: Catalyst LE

Players

HalfBreed

  • Race: Zerg Zerg
  • Spawn Location: 5:00

Scarlett - Winner!

  • Race: Zerg Zerg
  • League: Master
  • Spawn Location: 11:00

VOD

Have the link to the VOD?

Description

Time

  • Played on: Feb. 3, 2018, 3:29 p.m.
  • Length: 9:38
Show
View Real Time Build Order
Export as new Build Order

HalfBreed Zerg 

Build Orders: Hatch First 

Get SALT Encoding   

  12  0:01  Drone  
  13  0:12  Overlord  
  13  0:17  Drone  
  14  0:31  Drone x2  
  14  0:35  Drone  
  17  0:52  Hatchery  
  17  0:55  Drone  
  17  0:58  Drone  
  17  1:02  Extractor  
  17  1:13  Spawning Pool  
  17  1:16  Drone  
  17  1:21  Drone  
  18  1:28  Drone  
  19  1:40  Overlord  
  19  1:53  Drone  
  20  2:00  Queen  
  22  2:02  Drone  
  22  2:03  Metabolic Boost  
  22  2:04  Queen  
  25  2:09  Zergling x2  
  25  2:12  Zergling x2  
  27  2:19  Zergling x2  
  28  2:24  Drone  
  28  2:27  Baneling Nest  
  28  2:30  Drone  
  29  2:38  Drone x2  
  31  2:54  Hatchery  
  31  2:55  Drone x2  
  32  3:04  Drone, Overlord  
  33  3:18  Drone x3, Overlord  
  36  3:29  Evolution Chamber  
  36  3:32  Drone  
  36  3:33  Drone, Overlord  
  36  3:36  Lair  
  36  3:38  Drone  
  36  3:39  Drone  
  38  3:44  Drone x2  
  39  3:49  Drone  
  39  3:50  Drone x2  
  39  3:52  Extractor  
  39  3:53  Drone, Extractor  
  42  3:55  Drone  
  42  3:59  Zerg Missile Weapons Level 1  
  42  4:01  Drone  
  43  4:05  Drone x2  
  45  4:10  Roach Warren  
  45  4:14  Drone x2  
  46  4:17  Drone  
  46  4:24  Overlord  
  46  4:25  Drone x3  
  46  4:31  Overlord  
  49  4:37  Queen  
  51  4:39  Overlord  
  51  4:41  Overseer  
  51  4:50  Roach x2  
  51  4:51  Roach x2, Glial Reconstitution  
  59  4:53  Drone x2  
  60  5:07  Drone x3  
  60  5:08  Roach x4  
  71  5:17  Evolution Chamber, Overlord  
  71  5:19  Roach x2  
  74  5:26  Overlord  
  74  5:38  Roach x4  
  82  5:46  Roach x5  
  84  5:55  Roach x5  
  88  6:04  Roach x3  
  89  6:13  Roach x2  
  83  6:19  Roach x2  
  83  6:25  Roach  
  76  6:32  Drone  
  69  6:33  Drone x7  
  69  6:38  Queen  
  69  6:39  Drone  
  79  6:40  Drone x3  
  79  6:44  Drone  
  79  6:45  Drone  
  84  6:52  Drone  
  85  6:55  Drone x2  
  85  6:59  Overlord  
  87  7:02  Roach  
  87  7:03  Extractor  
  87  7:06  Roach  
  90  7:12  Zerg Ground Armor Level 1  
  90  7:20  Roach  
  90  7:21  Roach x3  
  98  7:27  Overlord x3  
  98  7:42  Extractor  
  98  7:43  Drone  
  98  7:47  Drone x2  
  98  7:48  Drone x7  
  109  7:51  Roach  
  109  7:57  Roach x6  
  121  8:03  Hatchery  
  120  8:08  Roach  
  120  8:09  Overlord x3  
  122  8:17  Overlord  
  122  8:20  Overseer  
  122  8:26  Overlord  
  122  8:29  Overseer  
  122  8:31  Roach x6  
  122  8:32  Roach x2  
  138  8:40  Roach x4  
  146  8:47  Roach x4  
  154  8:52  Roach  
  154  8:54  Roach x3  
  162  9:08  Roach  
  162  9:09  Roach x5  
  136  9:16  Roach  
  103  9:17  Roach x2  
Show
View Real Time Build Order
Export as new Build Order

Scarlett Zerg - Winner!

Build Orders: Pool First 

Get SALT Encoding   

  12  0:01  Drone  
  13  0:13  Overlord  
  13  0:18  Drone  
  14  0:31  Drone x2  
  16  0:36  Drone  
  17  0:45  Spawning Pool  
  17  0:48  Drone  
  18  0:57  Drone  
  18  1:12  Hatchery  
  18  1:13  Extractor  
  18  1:17  Drone  
  17  1:20  Drone  
  18  1:32  Queen  
  20  1:33  Drone  
  21  1:40  Zergling x2  
  22  1:51  Overlord  
  22  2:09  Queen  
  22  2:10  Drone  
  25  2:16  Drone  
  26  2:24  Queen  
  26  2:27  Drone x2  
  30  2:39  Drone x3  
  30  2:40  Drone x2  
  35  2:45  Overlord  
  35  2:49  Drone  
  36  3:03  Queen, Lair  
  36  3:04  Evolution Chamber  
  37  3:07  Drone x3  
  40  3:14  Roach Warren  
  39  3:23  Drone  
  39  3:24  Drone x4  
  44  3:31  Zerg Missile Weapons Level 1  
  44  3:36  Overlord  
  44  3:38  Extractor  
  44  3:39  Extractor  
  44  3:40  Drone x2  
  44  3:56  Drone x5  
  44  3:59  Overlord  
  44  4:02  Glial Reconstitution  
  49  4:05  Roach  
  49  4:06  Overlord x2  
  51  4:11  Drone  
  52  4:26  Hatchery  
  52  4:27  Drone  
  52  4:28  Roach x2  
  56  4:34  Roach x2  
  56  4:36  Roach  
  62  4:41  Roach x2  
  62  4:44  Overlord  
  66  4:49  Overlord  
  66  4:51  Roach  
  68  4:58  Roach x3  
  73  5:04  Roach x3  
  79  5:11  Roach x2  
  79  5:12  Roach  
  85  5:20  Roach x3  
  91  5:27  Zerg Missile Weapons Level 2  
  91  5:32  Overlord  
  91  5:33  Drone  
  86  5:52  Drone x6  
  86  5:53  Drone x2  
  86  5:55  Drone  
  86  5:56  Drone x2  
  95  6:07  Roach x3  
  95  6:18  Roach x3  
  95  6:21  Roach  
  95  6:23  Overlord  
  87  6:25  Roach  
  87  6:26  Roach x8  
  87  6:31  Roach  
  87  6:32  Overseer  
  97  6:35  Roach  
  97  6:36  Roach  
  99  6:42  Overlord  
  99  6:43  Overlord  
  99  6:45  Roach  
  101  6:53  Roach x3  
  101  6:54  Roach, Overlord  
  109  6:56  Roach x2  
  109  7:00  Drone  
  114  7:02  Drone x4  
  114  7:07  Extractor  
  117  7:08  Drone, Extractor  
  117  7:09  Drone  
  118  7:21  Drone x3  
  121  7:24  Drone x2  
  121  7:25  Drone  
  121  7:26  Roach x2  
  121  7:27  Roach x3  
  134  7:32  Hatchery  
  134  7:35  Roach x2  
  134  7:36  Overlord x2  
  137  7:48  Overlord  
  137  7:51  Overlord  
  137  7:55  Roach  
  137  7:56  Roach x6  
  151  8:00  Roach  
  151  8:04  Overlord x2  
  153  8:08  Roach x3  
  153  8:09  Roach, Extractor  
  160  8:13  Roach  
  160  8:15  Roach  
  160  8:18  Roach  
  166  8:24  Roach  
  166  8:25  Roach x5  
  178  8:29  Overlord x2  
  178  8:35  Roach x3  
  184  8:47  Roach x4  
  184  8:48  Roach x2  
  196  8:49  Ravager  
  196  8:50  Ravager x3  
  200  8:56  Hydralisk Den  
  179  9:15  Roach x2  
  179  9:16  Roach x9  
Tags
 
League
Master
Matchup
ZvZ
Player
Scarlett
Race
Zerg
Spawn Locations
Cross Positions
Add a new tag
Caveats
  • Supply blocks, unpowered buildings, or Contaminate may cause inaccurate times.
  • Supply counts are checked every 10 seconds.